 Dungeon Crawl Stone Soup version 0.30-a0-365-ge7f957f1db (webtiles) character file.

Game seed: 2931799965762717610

82 mcwallace the Ruffian (level 4, -4/41 HPs)
             Began as a Troll Transmuter on Nov 17, 2022.
             Slain by a gnoll
             ... wielding a +0 halberd
              (11 damage)
             ... on level 2 of the Dungeon.
             The game lasted 00:01:12 (876 turns).

mcwallace the Ruffian (Troll Transmuter)             Turns: 876, Time: 00:01:13

Health: -4/41      AC:  4    Str: 20    XL:     4   Next: 21%
Magic:  5/5        EV: 10    Int:  9    God:
Gold:   36         SH:  0    Dex: 10    Spells: 5/6 levels left

rFire   . . .      SeeInvis .      - Unarmed
rCold   . . .      Faith    .    (no shield)
rNeg    . . .      Spirit   .    a - +0 robe
rPois   .          Reflect  .    (helmet restricted)
rElec   .          Harm     .    (no cloak)
rCorr   .          Rampage  .    (gloves unavailable)
Will    .....                    (boots unavailable)
Stlth   +.........               c - amulet of regeneration {@e2}
HPRegen 1.86/turn                (no ring)
MPRegen 0.09/turn                (no ring)

@: no status effects
A: large, unfitting armour, claws 3, regeneration 1, shaggy fur 1, tough skin 1
a: no special abilities


You were on level 2 of the Dungeon.
You visited 1 branch of the dungeon, and saw 2 of its levels.

You collected 36 gold pieces.


Innate Abilities, Weirdness & Mutations

You are too large for most types of armour.
You have claws for hands.
Your natural rate of healing is unusually fast.
You are covered in fur. (AC +1)
You have tough skin. (AC +1)


   Skills:
 + Level 1.6 Fighting
 + Level 2.1 Dodging
 + Level 3.4 Unarmed Combat
 + Level 1.6 Spellcasting
 + Level 1.9 Transmutations


You had 5 spell levels left.
You knew the following spells:

 Your Spells              Type           Power      Damage    Failure   Level
a - Beastly Appendage     Tmut           8%         N/A       16%         1

Your spell library contained the following spells:

 Spells                   Type           Power      Damage    Failure   Level
 Wereblood                Tmut           4%         N/A       24%         2
 Spider Form              Tmut/Pois      2%         N/A       56%         3
 Ice Form                 Ice/Tmut       2%         N/A       93%         4

Inventory:

Missiles
 d - 12 stones {throwing}
Armour
 a - a +0 robe (worn)
 g - a +0 robe
   (You found it on level 1 of the Dungeon)
Jewellery
 c - an amulet of regeneration (around neck) {@e2}
   (You found it on level 1 of the Dungeon)
 f - a +4 ring of protection
   (You found it on level 1 of the Dungeon)
Scrolls
 e - a scroll of teleportation {unknown}
 h - a scroll of brand weapon {unknown}
Potions
 b - a potion of lignification {!q}

Dungeon Overview and Level Annotations

Branches:
Dungeon (2/15) Zot: 11113

Altars:

Shops:
D:1

( #.###### #.##...#
#############.##...#
................†..#
#############)##...#
#<##...# #.##...#
#.##.### #.##@#
#.#lg# #.#.## #.#)#
#.#.. #..# #...
#.>.# ..#..


You could see a gnoll and a frilled lizard.


Message History

😮 HP[+3]
You regained 3 hp, and now have 21/33 hp.
There is a stone staircase leading up here. 😮 HP[+3]
You regained 3 hp, and now have 24/33 hp.
You climb upwards.
There is a stone staircase leading down here. 😕 HP[+6]
You regained 6 hp, and now have 30/33 hp.
You start resting. 😎 HP[+3]
Your hp is fully restored (33).
You climb downwards.
There is a stone staircase leading up here.
You see here a +0 sling.
d - 12 stones {throwing} (gained 2)
h - a scroll labelled ADAQ JANIUSAA You feel yourself speed up.
You see here the felid corpse of Natasha.
A gnoll comes into view. It is wielding a +0 halberd.
The gnoll shouts!
You hear an angry hiss.
A gnoll comes into view. It is wielding a +0 whip.
The gnoll shouts!
You hear an angry hiss.
A ball python comes into view.
You hear a shout! 2 gnolls come into view.
Found a stone staircase leading down.
The gnoll shouts!
You hear an angry hiss.
A frilled lizard comes into view.
The ball python hisses angrily.
You claw the gnoll!
You kill the gnoll!
You scratch the gnoll.
The gnoll hits you from afar with a +0 halberd.
The gnoll hits you with a +0 club. 😮 HP[-9]
You take 9 damage, and now have 24/33 hp.
MASSIVE DAMAGE!! (PAUSE) 😕 HP[+2]
You regained 2 hp, and now have 26/33 hp.
The gnoll attacks as you move away! The gnoll closely misses you. 😕 HP[+2]
You regained 2 hp, and now have 28/33 hp.
The gnoll attacks as you move away! The gnoll closely misses you.
The frilled lizard unfolds its giant frill. 😕 HP[+2]
You regained 2 hp, and now have 30/33 hp.
You closely miss the gnoll.
The gnoll hits you with a +0 club. 😕 HP[-2]
You take 2 damage, and now have 28/33 hp.
You closely miss the gnoll. The gnoll barely misses you. 😕 HP[+2]
You regained 2 hp, and now have 30/33 hp.
You barely miss the gnoll. The gnoll hits you with a +0 club.
You barely miss the gnoll.
The gnoll hits you with a +0 club. 😕 HP[+1]
You scratch the gnoll.
The gnoll hits you with a +0 club. 😕 HP[-3]
You take 3 damage, and now have 28/33 hp.
You barely miss the gnoll. The gnoll barely misses you. 😕 HP[+1]
You completely miss the gnoll. 😕 HP[+2]
You regained 2 hp, and now have 31/33 hp.
You scratch the gnoll but do no damage. 😎 HP[+2]
Your hp is fully restored (33).
You barely miss the gnoll. The gnoll hits you but does no damage.
You claw the gnoll!
You kill the gnoll!
You have reached level 4! 😎 HP[+8] MP[+1]
You now have 41 max hp (+8).
Your hp is fully restored (41).
Your mp is fully restored (5).
You claw the ball python!
You kill the ball python!
You claw the gnoll!
You kill the gnoll!
The gnoll hits you from afar with a +0 halberd! 😮 HP[-12]
You take 12 damage, and now have 29/41 hp.
MASSIVE DAMAGE!! (PAUSE)
The gnoll hits you but does no damage.
Items here: )) ††. 😕 HP[+2]
You regained 2 hp, and now have 31/41 hp.
You barely miss the gnoll. The gnoll hits you with a +0 halberd!
* * * LOW HITPOINT WARNING * * *
The frilled lizard bites you but does no damage. 😨 HP[-14]
You take 14 damage, and now have 17/41 hp.
MASSIVE DAMAGE!! (PAUSE)
You closely miss the gnoll. The gnoll hits you with a +0 halberd!
* * * LOW HITPOINT WARNING * * *
The frilled lizard bites you but does no damage. 😱 HP[-10]
You take 10 damage, and now have 7/41 hp.
MASSIVE DAMAGE!! (PAUSE)
The gnoll attacks as you move away! The gnoll hits you with a +0 halberd!
You die...

Skill      XL: |  1  2 |
---------------+-------+-----
Fighting       | 1 |  1.6
Dodging        | 2 |  2.1
Unarmed Combat | |  3.4
Spellcasting   | |  1.6
Transmutations | |  1.9

Action                   |  1- 3 |  4- 6 || total
-------------------------+-------+-------++-------
Melee: Unarmed           |    88 |     4 ||    92
       Punch             |     1 |       ||     1
Armor: Robe              |    24 |     3 ||    27
Dodge: Dodged            |    40 |       ||    40

Levels and vault maps discovered:
D:1:      dpeg_arrival_tiny_a, layout_loops_ring, serial_aquarium,
          aquarium_bridge_square [aquarium_subvault_wall,
          aquarium_subvault_window, aquarium_subvault_balcony,
          aquarium_subvault_bridge], aquarium_bridge_straight
          [aquarium_subvault_bridge, aquarium_subvault_balcony,
          aquarium_subvault_bridge, aquarium_subvault_window],
          aquarium_window_1, aquarium_window_corridor_3, aquarium_window_1,
          aquarium_window_fake, aquarium_view_2b, aquarium_view_2a,
          aquarium_pool_corner, serial_shops, shop
D:2:      layout_rooms, serial_shops, nicolae_shop_stone, basic_altar,
          uniq_natasha, uniq_sigmund

Notes
Turn   | Place    | Note
-------+----------+-------------------------------------------
     0 | D:1      | mcwallace the Troll Transmuter began the quest for the Orb.
     0 | D:1      | Reached XP level 1. HP: 18/18 MP: 1/1
     0 | D:1      | magus.rc [v1.9.6]
   140 | D:1      | Reached skill level 1 in Fighting
   233 | D:1      | Reached XP level 2. HP: 27/27 MP: 3/3
   295 | D:1      | Found Ehiss's Weapon Emporium.
   811 | D:2      | Noticed Natasha
   818 | D:2      | Killed Natasha
   819 | D:2      | Reached skill level 2 in Dodging
   819 | D:2      | Reached XP level 3. HP: 15/33 MP: 4/4
   871 | D:2      | Reached XP level 4. HP: 41/41 MP: 5/5
   875 | D:2      | HP: 7/41 [gnoll/+0 halberd (11)]
   876 | D:2      | Slain by a gnoll

Vanquished Creatures
  Natasha (D:2)
  3 gnolls (D:2)
  3 endoplasms (D:1)
  6 giant cockroaches (D:1)
  A goblin (D:1)
  5 kobolds (D:1)
  A quokka (D:1)
  3 ball pythons
  3 bats (D:1)
  2 frilled lizards (D:1)
  3 rats (D:1)
31 creatures vanquished.

Table legend:
 A = Non-vault XP
 B = Vault XP
 C = Vault XP percentage of total XP
 D = Non-vault monster count
 E = Vault monster count
 F = Vault count percentage of total count
                 A         B        C        D         E       F
            +---------+---------+-------+---------+---------+-------
      Total |      83 |      35 |  29.7 |      30 |       1 |   3.2
            +---------+---------+-------+---------+---------+-------
        D:1 |      40 |       0 |   0.0 |      26 |       0 |   0.0
        D:2 |      43 |      35 |  44.9 |       4 |       1 |  20.0
            +---------+---------+-------+---------+---------+-------

Illustrated notes

Table legend:
 A = Kills in this place as a percentage of kills in entire the game.
 B = Kills by you in this place as a percentage of kills by you in the entire game.
 C = Kills by friends in this place as a percentage of kills by friends in the entire game.
 D = Other kills in this place as a percentage of other kills in the entire game.
 E = Experience gained in this place as a percentage of experience gained in the entire game.
 F = Experience gained in this place divided by the number of levels of this place that you have seen.
                   A       B       C       D       E      F
               +-------+-------+-------+-------+-------+----------------------
         Total | 100.0 | 100.0 |   N/A |   N/A | 100.0 |  59.0
       Dungeon | 100.0 | 100.0 |   N/A |   N/A | 100.0 |  59.0
               +-------+-------+-------+-------+-------+----------------------

Table legend: (Time is in decaauts)
 A = Elapsed time spent in this place.
 B = Non-inter-level travel time spent in this place.
 C = Inter-level travel time spent in this place.
 D = Time resting spent in this place.
 E = Time spent auto-exploring this place.
 F = Levels seen in this place.
 G = Mean time per level.
                   A        B        C        D        E       F      G
               +--------+--------+--------+--------+--------+-----+--------+
         Total |    886 |    863 |     23 |      0 |    688 |   2 |  443.0 |
       Dungeon |    886 |    863 |     23 |      0 |    688 |   2 |  443.0 |
               +--------+--------+--------+--------+--------+-----+--------+

Top non-repeatable levels by time:
     D:1: 811 daAuts
     D:2: 75 daAuts
